Map: Romanticide LE

Players

rottenorange

  • Race: Zerg Zerg
  • Spawn Location: 5:00

itsDani - Winner!

  • Race: Protoss Protoss
  • League: Platinum
  • Spawn Location: 11:00

VOD

Have the link to the VOD?

Description

Time

  • Played on: Oct. 1, 2020, 1:44 p.m.
  • Length: 5:55
Show
View Real Time Build Order
Export as new Build Order

rottenorange Zerg 

Build Orders: Hatch First 

Get SALT Encoding   

  12  0:00  Drone  
  13  0:13  Overlord  
  13  0:17  Drone  
  14  0:32  Drone x2  
  16  0:36  Drone  
  17  0:55  Drone  
  18  1:05  Drone  
  18  1:09  Extractor  
  18  1:13  Hatchery  
  17  1:25  Spawning Pool  
  16  1:26  Drone x2  
  18  1:34  Drone  
  19  1:48  Drone  
  19  1:51  Overlord  
  20  2:02  Drone  
  21  2:12  Queen  
  23  2:23  Zergling x2  
  23  2:29  Drone x2  
  26  2:36  Drone  
  27  2:38  Metabolic Boost  
  27  2:46  Drone x2  
  29  2:58  Drone x3  
  32  3:05  Queen  
  34  3:15  Overlord  
  34  3:16  Overlord  
  33  3:28  Drone x3  
  33  3:33  Lair  
  36  4:11  Roach Warren  
  36  4:14  Drone x2  
  36  4:15  Drone x4  
  41  4:17  Zergling x10  
  41  4:18  Zergling x2  
  41  4:21  Extractor  
  46  4:25  Zergling x2  
  47  4:47  Hatchery  
  46  4:55  Roach x3  
  46  4:57  Overlord x3  
  46  4:58  Overlord x2  
  51  5:16  Roach x5  
  53  5:34  Roach  
  53  5:35  Roach x3  
Show
View Real Time Build Order
Export as new Build Order

itsDani Protoss - Winner!

Build Orders: 1 Gate Expand 

Get SALT Encoding   

  12  0:00  Probe  
  13  0:12  Probe  
  14  0:18  Pylon  
  14  0:24  Probe (Chrono Boost)  
  15  0:36  Probe (Chrono Boost)  
  16  0:44  Probe  
  16  0:49  Gateway  
  17  0:56  Probe  
  18  0:57  Assimilator  
  18  1:09  Probe  
  18  1:22  Probe  
  19  1:28  Nexus  
  19  1:34  Probe  
  20  1:40  Cybernetics Core  
  20  1:47  Probe  
  21  2:00  Probe  
  21  2:01  Assimilator  
  22  2:11  Pylon  
  22  2:16  Probe  
  22  2:17  Warp Gate  
  23  2:29  Twilight Council  
  23  2:33  Probe  
  24  2:38  Adept  
  26  2:48  Probe  
  27  2:52  Probe  
  27  2:56  Robotics Facility  
  28  3:00  Probe  
  28  3:04  Gateway  
  29  3:12  Stalker  
  31  3:16  Probe  
  31  3:17  Probe  
  33  3:22  Resonating Glaives (Chrono Boost)  
  33  3:39  Gateway  
  33  3:41  Gateway  
  33  3:42  Probe x2  
  33  3:44  Warp Prism  
  39  3:58  Probe x2  
  39  4:02  Pylon  
  39  4:03  Pylon  
  39  4:10  Probe x2  
  39  4:12  Adept x2  
  45  4:22  Probe  
  46  4:25  Probe  
  46  4:28  Assimilator x2  
  47  4:34  Probe  
  48  4:39  Probe  
  49  4:46  Probe  
  49  4:47  Pylon  
  49  4:50  Pylon  
  49  4:51  Probe  
  51  4:54  Adept  
  51  4:55  Adept x3  
  57  5:23  Adept x4  
  63  5:36  Gateway  
  63  5:38  Gateway  
  63  5:39  Probe  
  63  5:40  Probe  
  65  5:45  Adept  
  65  5:46  Adept x3  
Tags
 
Add a new tag
Caveats
  • Supply blocks, unpowered buildings, or Contaminate may cause inaccurate times.
  • Supply counts are checked every 10 seconds.